 Dungeon Crawl Stone Soup version 0.31-a0-188-g5e087ee2ca (webtiles) character file.

Game seed: 2805190312735477573

32 qw the Shooter (level 3, 0/20 HPs)
             Began as a Deep Elf Hunter on June 23, 2023.
             Slain by a jackal (2 damage)
             ... on level 2 of the Dungeon.
             The game lasted 00:00:19 (737 turns).

qw the Shooter (Deep Elf Hunter)                     Turns: 737, Time: 00:00:19

Health: 0/20       AC:  7    Str: 10    XL:     3   Next: 10%
Magic:  5/5        EV: 12    Int: 16    God:
Gold:   53         SH:  0    Dex: 18    Spells: 2/2 levels left

rFire   . . .        Y - +0 shortbow
rCold   . . .        (shield currently unavailable)
rNeg    . . .        c - +0 leather armour
rPois   .            f - +0 helmet {Int+3}
rElec   .            (no cloak)
rCorr   .            i - +2 pair of gloves
SInv    .            (no boots)
Will    .....        (no amulet)
Stlth   ++           (no ring)
HPRegen 0.23/turn    (no ring)
MPRegen 0.09/turn

%: no passive effects
@: no status effects
A: no striking features
a: no special abilities


You were on level 2 of the Dungeon.
You visited 1 branch of the dungeon, and saw 2 of its levels.

You collected 53 gold pieces.


   Skills:
 - Level 1.5 Fighting
 + Level 6.7 Ranged Weapons
 - Level 2.4 Dodging
 - Level 1.2 Stealth


You had 2 spell levels left.
You didn't know any spells.
Your spell library was empty.

Inventory:

Hand Weapons
 Y - a +0 shortbow (weapon)
Armour
 c - a +0 leather armour (worn)
 f - a +0 helmet of intelligence (worn)
 i - a +2 pair of gloves (worn)

Dungeon Overview and Level Annotations

Branches:
Dungeon (2/15)

Altars:

Annotations:
D:2 Sigmund


Message History

You hear a bark!
You hear a shout!
A jackal comes into view.
A ball python comes into view.
Sigmund casts a spell at you. The magic dart hits you.
A jackal comes into view.
You shoot an arrow. The ball python hisses angrily.
The jackal barks!
The arrow hits Sigmund but does no damage.
Sigmund is lightly wounded.
A jackal comes into view.
You shoot an arrow. The arrow closely misses Sigmund.
Sigmund hits you but does no damage.
You shoot an arrow. The arrow hits Sigmund!
Sigmund is heavily wounded.
Sigmund hits you from afar with a +0 scythe.
You shoot an arrow. The arrow barely misses Sigmund.
You shoot an arrow.
The arrow barely misses the ball python.
Sigmund points at you and mumbles some strange words.
You resist with some effort.
The ball python bites you but does no damage.
The ball python closely misses you.
Sigmund hits you from afar with a +0 scythe!
The jackal barely misses you.
732 ||| Stepping ~*~*~tactically~*~*~ (outnumbered).
You shoot an arrow. The arrow hits the ball python.
The ball python is moderately wounded.
The ball python bites you. The ball python misses you.
You shoot an arrow. The arrow hits the ball python!
You kill the ball python!
You shoot an arrow. The arrow hits the jackal.
You kill the jackal!
You shoot an arrow. The arrow hits the jackal.
The jackal is heavily wounded.
The jackal barely misses you. The jackal bites you. x2
You shoot an arrow.
The arrow hits the jackal but does no damage.
The jackal is heavily wounded.
The jackal bites you.
You die...

#..... #...?.
#..... #?....
##....h##
#.(.....#
#....@.h# ####
####h##....#
#..@h....#.#
#.##.##....#
#.##.......#.##
#.....<.#### ..
#....#### ####.
#


You could see 3 jackals.

Vanquished Creatures
  4 bats
  4 endoplasms (D:1)
  A giant cockroach (D:1)
  A goblin (D:1)
  5 hobgoblins (D:1)
  A jackal (D:2)
  2 quokkas (D:1)
  2 ball pythons
  A frilled lizard (D:1)
  4 kobolds (D:1)
  3 rats (D:1)
28 creatures vanquished.

Notes
Turn   | Place    | Note
-------+----------+-------------------------------------------
     0 | D:1      | qw the Deep Elf Hunter began the quest for the Orb.
     0 | D:1      | Reached XP level 1. HP: 12/12 MP: 3/3
     0 | D:1      | 0 ||| qw: Version: 0.3-a-9-g12657ce
     0 | D:1      | 0 ||| qw: Game counter: 4361
     0 | D:1      | 0 ||| qw: Always use a shield: true
     0 | D:1      | 0 ||| qw: God list: Okawaru
     0 | D:1      | 0 ||| qw: Allow faded altars: false
     0 | D:1      | 0 ||| qw: Do Orc after D:15 true
     0 | D:1      | 0 ||| qw: Do second Lair branch before Depths: true
     0 | D:1      | 0 ||| qw: Lair rune preference: random
     0 | D:1      | 0 ||| qw: Plans: Normal
     0 | D:1      | 0 ||| PLANNING D:1-11
    93 | D:1      | Reached XP level 2. HP: 16/16 MP: 4/4
   180 | D:1      | Reached skill level 6 in Ranged Weapons
   610 | D:1      | Reached XP level 3. HP: 20/20 MP: 5/5
   653 | D:1      | 653 ||| UPGRADING to +0 helmet of intelligence.
   658 | D:1      | 658 ||| UPGRADING to +2 pair of gloves.
   663 | D:1      | 663 ||| DROPPING ring of wizardry.
   664 | D:1      | 664 ||| READING scroll labelled GASTIH SECLU.
   665 | D:1      | 665 ||| READING scroll labelled IGOAXKAAZ.
   666 | D:1      | 666 ||| READING scroll labelled CILYFU QUKLE.
   669 | D:1      | 669 ||| DROPPING scroll of butterflies.
   723 | D:2      | Noticed Sigmund
   732 | D:2      | 732 ||| Stepping ~*~*~tactically~*~*~ (outnumbered).
   736 | D:2      | HP: 5/20 [jackal (2)]
   736 | D:2      | HP: 2/20 [jackal (3)]
   737 | D:2      | Slain by a jackal

Levels and vault maps discovered:
D:1:      eino_arrival_water_star, layout_basic, st_stairs_8
D:2:      layout_loops_cross, uniq_terence, uniq_sigmund

Skill      XL: |  1  2 |
---------------+-------+-----
Ranged Weapons | 6 |  6.7
Fighting       | |  1.5
Dodging        | |  2.4
Stealth        | |  1.2

Action                     || total
---------------------------++-------
   Fire: Shortbow          ||    83
    Use: Scroll            ||     3
 Armour: Leather armour    ||     6
  Dodge: Dodged            ||    14

Table legend:
 A = Non-vault XP
 B = Vault XP
 C = Vault XP percentage of total XP
 D = Non-vault monster count
 E = Vault monster count
 F = Vault count percentage of total count
                 A         B        C        D         E       F
            +---------+---------+-------+---------+---------+-------
      Total |      45 |       2 |   4.3 |      27 |       1 |   3.6
            +---------+---------+-------+---------+---------+-------
        D:1 |      40 |       2 |   4.8 |      24 |       1 |   4.0
        D:2 |       5 |       0 |   0.0 |       3 |       0 |   0.0
            +---------+---------+-------+---------+---------+-------
